 Dungeon Crawl Stone Soup version 0.29.1-13-g9f3cf754e1 (webtiles) character file.

Game seed: 981658652628369953

177 Saba the Shooter (level 5, 0/33 HPs)
             Began as a Gargoyle Hunter on Feb 4, 2023.
             Slain by an ogre
             ... wielding a +0 giant club
              (13 damage)
             ... on level 4 of the Dungeon.
             The game lasted 00:04:20 (3159 turns).

Saba the Shooter (Gargoyle Hunter)                  Turns: 3159, Time: 00:04:22

Health: 0/33       AC: 12    Str: 15    XL:     5   Next: 57%
Magic:  5/5        EV:  9    Int:  9    God:
Gold:   98         SH:  0    Dex: 15    Spells: 4/4 levels left

rFire   . . .      SeeInvis .   n - +0 arbalest
rCold   . . .      Faith    .   (shield currently unavailable)
rNeg    + . .      Spirit   .   k - +0 scale mail
rPois   ∞          Reflect  .   (no helmet)
rElec   +          Harm     .   q - +0 cloak
rCorr   .          Rampage  .   (no gloves)
Will    .....                   p - +0 pair of boots
Stlth   ..........              c - amulet of magic regeneration
HPRegen 0.11/turn               i - ring of flight
MPRegen 0.49/turn               (no ring)

@: flying
A: sickness immunity, AC +4, negative energy resistance 1, electricity
resistance, torment resistance 1, petrification resistance
a: no special abilities


You were on level 4 of the Dungeon.
You visited 1 branch of the dungeon, and saw 4 of its levels.

You collected 98 gold pieces.

Inventory:

Hand Weapons
 a - a +0 shortbow
 n - a +0 arbalest (weapon)
Armour
 g - a +0 cloak
 k - a +0 scale mail (worn)
 p - a +0 pair of boots (worn)
 q - a +0 cloak (worn)
Jewellery
 c - an amulet of magic regeneration (around neck)
 i - a ring of flight (left hand)
Scrolls
 b - 2 scrolls of immolation
 d - 2 scrolls of identify {unknown}
 e - 2 scrolls of teleportation {unknown}
 h - a scroll of poison {unknown}
 o - a scroll of amnesia {unknown}
 r - a scroll of enchant weapon {unknown}
 s - a scroll of fear {unknown}
Potions
 f - a potion of haste {unknown}
 j - a potion of degeneration {unknown}
 l - 3 potions of attraction {unknown}
 m - 2 potions of invisibility {unknown}


   Skills:
 + Level 3.9 Fighting
 * Level 5.9 Ranged Weapons
 - Level 1.5 Dodging
 - Level 1.1 Stealth


You had 4 spell levels left.
You didn't know any spells.
Your spell library contained the following spells:

 Spells                   Type           Power      Damage    Failure   Level
 Poisonous Vapours        Pois/Air       0%         N/A       95%         2
 Dazzling Flash           Conj/Hex       0%         N/A       99%         3
 Corpse Rot               Necr/Pois/Air  0%         N/A       100%        4
 Iskenderun's Mystic Bla  Conj/Tloc      0%         2d3       100%        4
 Starburst                Conj/Fire      0%         6d3       100%        6


Dungeon Overview and Level Annotations

Branches:
Dungeon (4/15)
 Temple: D:4-7

Altars:


Innate Abilities, Weirdness & Mutations

You are immune to sickness and miasma.
Your stone body is resilient. (AC +4)
You are immune to poison.
You resist negative energy. (rN+)
You are resistant to electric shocks. (rElec)
You are resistant to unholy torment.
You are immune to petrification.


Message History

No target in view!
No target in view!
HP restored.
Things that are here:
a +0 short sword; 4 stones; a kobold corpse
Found 4 stones.
No target in view!
You now have 98 gold pieces (gained 6).
s - a scroll labelled LIJ VONAUTT No target in view!
An ogre comes into view. It is wielding a +0 giant club.
The ogre shouts!
You shoot a bolt. The bolt hits the ogre!
The ogre is moderately wounded.
An ogre is nearby!
You shoot a bolt. The bolt hits the ogre.
The ogre is heavily wounded.
You shoot a bolt. The bolt barely misses the ogre.
An ogre is nearby!
You shoot a bolt. The bolt closely misses the ogre.
The ogre misses you. The ogre hits you with a +0 giant club!
You shoot a bolt. The bolt hits the ogre.
The ogre is severely wounded.
The ogre barely misses you.
You shoot a bolt. The bolt barely misses the ogre.
The ogre completely misses you.
You shoot a bolt. The bolt barely misses the ogre.
The ogre hits you but does no damage.
You shoot a bolt. The bolt barely misses the ogre.
The ogre hits you with a +0 giant club!
You are too injured to fight recklessly!
You are too injured to fight recklessly!
You are too injured to fight recklessly!
Fire: n) +0 arbalest
Press: ? - help, Q - select action Shift-Dir - straight line, f/p - ogre
Aim: an ogre, wielding a +0 giant club (severely wounded, 72% to hit)
You shoot a bolt. The bolt hits the ogre.
The ogre is almost dead.
The ogre closely misses you. The ogre hits you with a +0 giant club!
You die...

#........#
#.######...
#.# #.#
#### #.#
#.. #.# #.#
.#
#.###.###.#
#.........#
#####@..###
.......O..#
########..#
..# ..# ..#
..# ..#


You could see an ogre.

Vanquished Creatures
  2 jellies (D:2)
  2 adders
  3 worms
  4 dart slugs
  2 ball pythons
  14 endoplasms
  5 giant cockroaches
  A goblin (D:1)
  5 hobgoblins
  6 jackals
  14 kobolds
  A quokka (D:1)
  7 bats
  2 frilled lizards
  5 rats (D:1)
73 creatures vanquished.

Vanquished Creatures (others)
  6 fungi (D:2)
  8 toadstools (D:2)
14 creatures vanquished.

Grand Total: 87 creatures vanquished

Notes
Turn   | Place    | Note
-------+----------+-------------------------------------------
     0 | D:1      | Saba the Gargoyle Hunter began the quest for the Orb.
     0 | D:1      | Reached XP level 1. HP: 12/12 MP: 1/1
   132 | D:1      | Reached XP level 2. HP: 18/18 MP: 2/2
   491 | D:1      | Reached XP level 3. HP: 22/22 MP: 3/3
  1088 | D:2      | Reached skill level 5 in Ranged Weapons
  1088 | D:2      | Reached XP level 4. HP: 25/28 MP: 4/4
  1596 | D:2      | Reached XP level 5. HP: 14/33 MP: 5/5
  2881 | D:3      | Found a faded altar of an unknown god.
  3150 | D:4      | Noticed an ogre
  3159 | D:4      | Slain by an ogre

Illustrated notes

Levels and vault maps discovered:
D:1:      heliophobic_arrival_dark_side_of_the_moon, layout_rooms
D:2:      cheibrodos_fertilizer, layout_basic, minmay_tetromino_l4
D:3:      layout_basic, shapermc_ecumenical_altar_mp_urbaneastern,
          hangedman_feature_mirror, reono_crystal_passage, minmay_crystal_water,
          minmay_misc_feat_tower, uniq_crazy_yiuf_cottage
D:4:      layout_loops_ring, minmay_overflow_temple_hex,
          minmay_temple_entry_glassed_door, minivault_5, uniq_eustachio

Skill      XL: |  1  2  3 |
---------------+----------+-----
Fighting       | 3 |  3.9
Ranged Weapons | 5 |  5.9
Dodging        | |  1.5
Stealth        | |  1.1

Action                   |  1- 3 |  4- 6 || total
-------------------------+-------+-------++-------
 Fire: Shortbow          |    96 |    21 ||   117
       Arbalest          |       |    88 ||    88
  Use: Potion            |       |     1 ||     1
Armor: Leather armour    |     9 |       ||     9
       Scale mail        |    15 |    89 ||   104
Dodge: Dodged            |    34 |    63 ||    97
